 Dungeon Crawl Stone Soup version 0.29.1-15-g9cfb28693d (webtiles) character file.

Game seed: 14072474080461887566

67 Smoke131 the Trooper (level 4, -16/48 HPs)
             Began as an Ogre Gladiator on Feb 28, 2023.
             Killed by divine providence
             ... invoked by an orc priest
              (17 damage)
             ... on level 3 of the Dungeon.
             The game lasted 00:03:59 (2012 turns).

Smoke131 the Trooper (Ogre Gladiator)               Turns: 2012, Time: 00:04:00

Health: -16/48     AC:  6    Str: 20    XL:     4   Next: 16%
Magic:  4/4        EV: 10    Int:  9    God:
Gold:   135        SH:  0    Dex: 10    Spells: 3/3 levels left

rFire   . . .      SeeInvis .   a - +0 war axe
rCold   . . .      Faith    .   (no shield)
rNeg    . . .      Spirit   .   b - +0 robe
rPois   .          Reflect  .   c - +0 hat
rElec   .          Harm     .   l - +2 cloak
rCorr   .          Rampage  .   (gloves unavailable)
Will    .....                   (boots unavailable)
Stlth   +.........              (no amulet)
HPRegen 0.16/turn               (no ring)
MPRegen 0.09/turn               (no ring)

@: no status effects
A: large, unfitting armour, tough skin 1
a: no special abilities


You were on level 3 of the Dungeon.
You visited 1 branch of the dungeon, and saw 3 of its levels.

You collected 135 gold pieces.

Inventory:

Hand Weapons
 a - a +0 war axe (weapon)
Missiles
 d - 3 throwing nets
 e - a large rock (quivered)
 h - 22 stones
Armour
 b - a +0 robe (worn)
 c - a +0 hat (worn)
 l - a +2 cloak (worn)
Scrolls
 i - 3 scrolls of identify {unknown}
 j - 3 scrolls of teleportation {unknown}
 m - a scroll of blinking {unknown}
 p - a scroll of vulnerability {unknown}
Potions
 f - a potion of curing {unknown}
 g - a potion of attraction {unknown}
 k - 2 potions of haste {unknown}
 n - 2 potions of berserk rage {unknown}
 o - a potion of heal wounds


   Skills:
 + Level 3.8 Fighting
 + Level 3.6 Axes
 + Level 2.8 Throwing
 - Level 3.0 Dodging


You had 3 spell levels left.
You didn't know any spells.
Your spell library was empty.

Dungeon Overview and Level Annotations

Branches:
Dungeon (3/15)

Altars:

Shops:
D:1 (!(


Innate Abilities, Weirdness & Mutations

You are too large for most types of armour.
You have tough skin. (AC +1)


Message History

It was a potion of heal wounds.
You feel much better. Something hits you.
You closely miss something. Something hits you.
You barely miss something.
Something hits you but does no damage. x2
You barely miss something. Something hits you but does no damage.
You closely miss something. Something hits you.
You slash something!
Something hits you but does no damage. x2
You closely miss something. Something hits you but does no damage.
The orc priest casts a cantrip, but nothing happens.
You miss something. Something hits you but does no damage.
You hit something. Something completely misses you.
You hear some strange, mumbled words.
A magic dart appears from out of thin air!
The magic dart hits you.
You miss something.
You hear some strange, mumbled words.
Something tries to affect you, but you resist.
You barely miss something.
You hear some strange, mumbled words.
A magic dart appears from out of thin air!
The magic dart hits you!
* * * LOW HITPOINT WARNING * * *
The orc priest grunts loudly.
You barely miss something.
Something hits you but does no damage. x2
Something hits you.
* * * LOW HITPOINT WARNING * * *
Something hits you but does no damage. Something hits you.
* * * LOW HITPOINT WARNING * * *
You hear some strange, mumbled words.
A puff of flame appears from out of thin air!
The puff of flame hits you.
* * * LOW HITPOINT WARNING * * *
A magic dart appears from out of thin air!
The magic dart hits you.
* * * LOW HITPOINT WARNING * * *
An orc wizard appears from thin air!
Reactivating autopickup.
The orc priest mumbles some strange prayers to Beogh against you.
Beogh smites you!
You die...

.#########.#
#..# #.#
#..###.#### #>#
#...)o.o...
#####.##
##o#.g...##
#......#
#)#o......
#.###..#
#o#.....##
#....#
#.##...##
#.##.########o#
####
#.##...@..o.o.#
#.#############
#.# #.# ..# ###


You could see an orc priest, an orc wizard and an orc.

Vanquished Creatures
  An adder (D:3)
  A gnoll (D:1)
  A worm (D:3)
  A dart slug (D:1)
  2 orcs (D:3)
  6 ball pythons
  4 endoplasms
  2 giant cockroaches
  3 goblins
  4 hobgoblins
  2 quokkas
  3 bats
  4 kobolds
  7 rats
41 creatures vanquished.

Notes
Turn   | Place    | Note
-------+----------+-------------------------------------------
     0 | D:1      | Smoke131 the Ogre Gladiator began the quest for the Orb.
     0 | D:1      | Reached XP level 1. HP: 22/22 MP: 1/1
    59 | D:1      | Found Vosead's Weapon Emporium.
   125 | D:1      | Found Zant's Distillery.
   286 | D:1      | Reached XP level 2. HP: 29/31 MP: 2/2
   411 | D:1      | Found Fyafeca's Antique Weapon Emporium.
   416 | D:1      | Reached XP level 3. HP: 34/37 MP: 3/3
   489 | D:1      | Found a faded altar of an unknown god.
  1677 | D:3      | Reached XP level 4. HP: 31/48 MP: 4/4
  2011 | D:3      | HP: 1/48 [something/magic dart (3)]
  2012 | D:3      | Killed from afar by an orc priest

Illustrated notes

Levels and vault maps discovered:
D:1:      amcnicky_arrival_choice, layout_loops_cross, serial_shops,
          shop_statue, nicolae_shop_trees, nicolae_shop_hallway_plus,
          shapermc_ecumenical_altar_acropolis
D:2:      layout_basic
D:3:      layout_loops_ring, ebering_dispersal_statue_hall, uniq_robin

Skill      XL: |  1  2 |
---------------+-------+-----
Fighting       | 3 |  3.8
Dodging        | 3 |  3.0
Axes           | |  3.6
Throwing       | |  2.8

Action                   |  1- 3 |  4- 6 || total
-------------------------+-------+-------++-------
Melee: War axe           |    91 |    36 ||   127
       Punch             |     1 |       ||     1
Throw: Large rock        |     1 |       ||     1
  Use: Potion            |       |     1 ||     1
 Stab: Sleeping          |     4 |       ||     4
Armor: Robe              |    38 |    21 ||    59
Dodge: Dodged            |    53 |    14 ||    67
